 Dungeon Crawl Stone Soup version 0.28-a0-239-g68911e0c57 (webtiles) character file.

Game seed: 4390934160337589691

127253 Colgate the Brawler (level 16, 131/131 HPs)
             Began as a Troll Abyssal Knight on July 14, 2021.
             Was the Champion of Lugonu.
             Quit the game on level 1 of the Snake Pit on Aug 23, 2021.
             The game lasted 04:24:46 (30406 turns).

Colgate the Brawler (Troll Abyssal Knight)         Turns: 30406, Time: 04:24:47

Health: 131/131    AC: 20    Str: 25    XL:     16   Next: 45%
Magic:  22/22      EV:  5    Int: 10    God:    Lugonu [******]
Gold:   1820       SH: 26    Dex: 15    Spells: 15/15 levels left

rFire   + . .      SeeInvis .     - Unarmed
rCold   + . .      Faith    .   o - +5 tower shield
rNeg    . . .      Spirit   .   K - +0 gold dragon scales
rPois   +          Reflect  +   (helmet restricted)
rElec   .          Harm     .   (no cloak)
rCorr   .          Rampage  .   (gloves unavailable)
Will    +....                   (boots unavailable)
Stlth   ..........              J - amulet of reflection
HPRegen 1.31/turn               n - +4 ring of evasion
MPRegen 0.18/turn               T - +4 ring of protection

@: no status effects
A: large, unfitting armour, claws 3, regeneration 1, shaggy fur 1, tough skin 1,
agile 1, clever 1, frail 1, subdued magic 1
a: Renounce Religion, Depart the Abyss, Bend Space, Banish, Corrupt, Enter the
Abyss, Brand Weapon With Distortion


You were on level 1 of the Snake Pit.
You worshipped Lugonu.
Lugonu was exalted by your worship.
You visited 4 branches of the dungeon, and saw 24 of its levels.
You visited the Abyss 1 time.
You also visited: Ossuary and Bailey.

You collected 3099 gold pieces.
You spent 1279 gold pieces at shops.


Innate Abilities, Weirdness & Mutations

You are too large for most types of armour.
You have claws for hands.
Your natural rate of healing is unusually fast.
You are covered in fur. (AC +1)
You have tough skin. (AC +1)
You are agile. (Dex +2)
Your mind is acute. (Int +2)
You are frail. (-10% HP)
Your spells are a little easier to cast, but a little less powerful.


   Skills:
 - Level 6.9 Fighting
 - Level 11.0(11.1) Slings
 - Level 2.8(9.6) Throwing
 + Level 4.3 Armour
 - Level 3.0 Dodging
 - Level 9.0 Shields
 - Level 18.0 Unarmed Combat
 - Level 10.0 Invocations


You had 15 spell levels left.
You didn't know any spells.
Your spell library contained the following spells:

 Spells                   Type           Power      Damage    Failure   Level
 Animate Skeleton         Necr           0%         N/A       100%        1
 Apportation              Tloc           0%         N/A       100%        1
 Corona                   Hex            0%         N/A       100%        1
 Freeze                   Ice            0%         1d3       100%        1
 Magic Dart               Conj           0%         1d3       100%        1
 Sandblast                Erth           0%         2d4       100%        1
 Summon Small Mammal      Summ           0%         N/A       100%        1
 Passwall                 Tmut/Erth      0%         N/A       100%        2
 Poisonous Vapours        Pois/Air       0%         N/A       100%        2
 Searing Ray              Conj           0%         3d3       100%        2
 Slow                     Hex            0%         N/A       100%        2
 Static Discharge         Conj/Air       0%         N/A       100%        2
 Confusing Touch          Hex            0%         N/A       100%        3
 Dazzling Flash           Conj/Hex       0%         N/A       100%        3
 Frozen Ramparts          Ice            0%         1d2       100%        3
 Mephitic Cloud           Conj/Pois/Air  0%         N/A       100%        3
 Vampiric Draining        Necr           0%         2d6       100%        3
 Animate Dead             Necr           0%         N/A       100%        4
 Fulminant Prism          Conj/Hex       0%         3d6       100%        4
 Hailstorm                Conj/Ice       0%         3d3       100%        4
 Iskenderun's Mystic Bla  Conj/Tloc      0%         2d3       100%        4
 Blade Hands              Tmut           0%         N/A       100%        5
 Freezing Cloud           Conj/Ice/Air   0%         6-21      100%        5
 Irradiate                Conj/Tmut      0%         3d13      100%        5
 Iskenderun's Battlesphe  Conj           0%         2d6       100%        5
 Lee's Rapid Deconstruct  Erth           0%         3d5*      100%        5
 Lightning Bolt           Conj/Air       0%         1d11      100%        5
 Iron Shot                Conj/Erth      0%         9d1       100%        6
 Starburst                Conj/Fire      0%         6d3       100%        6
 Dragon Form              Tmut           0%         N/A       100%        7
 Haunt                    Necr/Summ      0%         N/A       100%        7
 Spellforged Servitor     Conj/Summ      0%         N/A       100%        7
 Infestation              Necr           0%         N/A       100%        8
 Maxwell's Capacitive Co  Air            0%         ∞         100%        8

Inventory:

Hand Weapons
 a - a +8 hunting sling of flaming
Missiles
 L - 4 javelins
 Q - 8 large rocks (quivered)
Armour
 o - a +5 tower shield (worn)
 K - +0 gold dragon scales (worn)
Jewellery
 f - a ring of fire
 n - a +4 ring of evasion (left claw)
 G - the ring "Isalayt" {*Slow rPois rCorr Str+5 Dex+2}
   (You found it on level 4 of the Lair of Beasts)

   [ring of poison resistance]

   Str:       It affects your strength (+5).
   Dex:       It affects your dexterity (+2).
   rPois:     It protects you from poison.
   rCorr:     It protects you from acid and corrosion.
   *Slow:     It may slow you when you take damage.
 J - an amulet of reflection (around neck)
 T - a +4 ring of protection (right claw)
Wands
 P - a wand of digging (1)
Scrolls
 g - 5 scrolls of teleportation
Potions
 l - 3 potions of might
 q - 10 potions of curing
 r - 9 potions of heal wounds
 s - a potion of cancellation
 D - 4 potions of haste
 H - a potion of resistance
Miscellaneous
 c - a phantom mirror
 k - a piece from Xom's chessboard (15/15)
 M - a lightning rod (2/4)
 S - a condenser vane (inert)

Dungeon Overview and Level Annotations

Branches:
Dungeon (14/15)            Temple (0/1) D:6            Lair (6/6) D:9
 Shoals (0/4) Lair:2        Snake (2/4) Lair:2        Slime (0/5) Lair:6
    Orc (2/2) D:10            Elf (0/3) Orc:2        Vaults (0/5) D:14
Ossuary (visited)          Bailey (visited)

Altars:
Qazlal
Yredelemnul
Beogh

Shops:
D:2 =   D:7 *   D:12 ?   D:14 [   Orc:1 [   Orc:2 *?:[:

Annotations:
D:12 Kirke
Snake:1 corrupted
Orc:1 2 transporters


Message History

30386 ||| Stepping randomly (stuck).
Done exploring.
30387 ||| Stepping randomly (stuck).
Done exploring.
30388 ||| Stepping randomly (stuck).
Done exploring.
30389 ||| Stepping randomly (stuck).
Done exploring.
30390 ||| Stepping randomly (stuck).
Done exploring.
30391 ||| Stepping randomly (stuck).
Done exploring.
30392 ||| Stepping randomly (stuck).
Done exploring.
30393 ||| Stepping randomly (stuck).
Done exploring.
30394 ||| Stepping randomly (stuck).
Done exploring.
30395 ||| Stepping randomly (stuck).
Done exploring.
30396 ||| Stepping randomly (stuck).
Done exploring.
30397 ||| Stepping randomly (stuck).
Done exploring.
30398 ||| Stepping randomly (stuck).
Done exploring.
30399 ||| Stepping randomly (stuck).
Done exploring.
30400 ||| Stepping randomly (stuck).
Done exploring.
30401 ||| Stepping randomly (stuck).
Done exploring.
30402 ||| Stepping randomly (stuck).
Done exploring.
30403 ||| Stepping randomly (stuck).
Done exploring.
30404 ||| Stepping randomly (stuck).
Done exploring.
30405 ||| Stepping randomly (stuck).
Are you sure you want to abandon this character and quit the game? (Confirm with "yes".)

.......##....(..##.####..#######.
'##~~~.#.....#+###'####..# #.
.........................# #.
#.~~~~.~.....#......###..#######.
#.~~~~.......#......# #.......##.
#............#......# #.....#.###
##~~~~~###...#.###+####.##.##.###
#..............###.###...........
####~######.....@..........)#.##.
# ### #........###..##....##. #
#.##)###.##............ #
#.##>?)................ #
#.######.###..##.#..... #
#.######.###..##.#..### #
#...................... #
########.###..##.#..### # ###
#..##.#..##.


There were no monsters in sight!

Vanquished Creatures
  Saint Roka (Orc:2)
  A shadow dragon (D:14)
  An orc warlord (Orc:2)
  A fire dragon (Lair:6)
  An eleionoma (shapeshifter) (D:10)
  Harold (D:10)
  Fannar (D:11)
  An ice dragon (Lair:6)
  A salamander tyrant (Snake:1)
  5 anacondas (Snake:1)
  5 boulder beetles
  A naga warrior (Snake:1)
  7 centaur warriors
  5 two-headed ogres
  2 hydras
  Erica (Orc:1)
  A catoblepas (Lair:5)
  A death knight (D:14)
  2 deep troll earth magi
  2 shock serpents (Snake:1)
  3 naga sharpshooters (Snake:1)
  5 death yaks
  Urug (D:11)
  3 orc high priests
  Sonja (D:12)
  A salamander mystic (Snake:1)
  6 sea snakes
  A swamp dragon (shapeshifter) (D:14)
  A swamp dragon (Lair:6)
  3 lindwurms
  6 orc knights
  2 deep elf pyromancers
  9 salamanders
  5 mana vipers
  4 ugly things
  4 orc sorcerers (Orc:2)
  6 oklob plants (Lair:6)
  2 cyclopes
  6 elephants (Lair:2)
  2 manticores (D:12)
  14 black mambas
  16 cane toads
  5 torpor snails (Lair:6)
  A naga mage (Snake:1)
  5 gargoyles
  2 guardian serpents (Snake:1)
  An unseen horror (D:10)
  3 rime drakes
  A freezing wraith (D:14)
  14 komodo dragons
  3 tyrant leeches (Lair:6)
  A jumping spider (shapeshifter) (D:14)
  11 hornets
  A polar bear (Lair:6)
  11 trolls
  9 blink frogs
  A vampire (D:11)
  4 wyverns
  A water elemental (D:13)
  A wraith (D:14)
  48 yaks
  A spriggan (Lair:5)
  3 shadows
  3 hogs (D:12)
  10 basilisks
  8 steam dragons
  3 vampire mosquitoes
  A swamp worm (shapeshifter) (D:14)
  4 acid dragons
  21 water moccasins
  2 wargs
  13 nagas
  3 swamp drakes (Lair:6)
  30 orc warriors
  4 black bears
  A sky beast (D:7)
  A necrophage (D:7)
  52 wolves
  5 ogres
  18 centaurs
  2 elf zombies (Ossuary)
  5 kobold brigands
  22 bullfrogs
  A wyvern zombie (D:6)
  3 scorpions
  A wyvern skeleton (D:7)
  3 water moccasin skeletons
  9 killer bees
  6 howler monkeys
  9 electric eels
  8 centaur zombies
  A jelly (D:8)
  2 bullfrog zombies (D:5)
  3 hounds
  4 centaur skeletons
  12 orc priests
  Crazy Yiuf (D:2)
  3 gnoll shamans
  A scorpion zombie (D:5)
  8 iguanas
  18 orc wizards
  2 hound zombies (Ossuary)
  3 mummies (Ossuary)
  A howler monkey zombie (D:9)
  16 gnolls
  6 adders
  4 adder zombies (Ossuary)
  A worm (D:4)
  The ghost of anet the Covert, a weakling GnDe (D:5)
  A dart slug (D:2)
  64 orcs
  5 endoplasms
  3 giant cockroaches
  A gnoll zombie (Ossuary)
  9 goblins
  8 hobgoblins
  14 jackals
  A quokka (D:3)
  8 bats
  2 frilled lizards
  3 goblin zombies (Ossuary)
  2 hobgoblin zombies (Ossuary)
  2 jackal zombies (Ossuary)
  40 kobolds
  4 kobold zombies (Ossuary)
  3 orc zombies (Ossuary)
  3 quokka zombies (Ossuary)
  5 rats
  8 rat zombies (Ossuary)
790 creatures vanquished.

Vanquished Creatures (others)
  A nagaraja (Snake:1)
  A salamander tyrant (Snake:1)
  A naga warrior (Snake:1)
  A black mamba (Snake:1)
  2 nagas (Snake:1)
  39 fungi
  82 plants
  4 starspawn tentacles (Snake:1)
131 creatures vanquished.

Grand Total: 921 creatures vanquished

Notes
Turn   | Place    | Note
-------+----------+-------------------------------------------
     0 | Abyss:1  | Colgate the Troll Abyssal Knight began the quest for the
                  | Orb.
     0 | Abyss:1  | Reached XP level 1. HP: 22/22 MP: 1/1
    74 | Abyss:1  | Noticed an earth elemental
   113 | Abyss:1  | Noticed a ynoxinul
   114 | Abyss:1  | Noticed a large abomination
   120 | D:1      | Escaped the Abyss
   167 | D:1      | Reached * piety under Lugonu
   245 | D:1      | Reached XP level 2. HP: 29/29 MP: 2/2
   339 | D:1      | Reached skill level 3 in Unarmed Combat
   670 | D:1      | Reached XP level 3. HP: 36/36 MP: 3/3
   991 | D:2      | Reached skill level 4 in Unarmed Combat
  1341 | D:2      | Found Ravocibo's Jewellery Shoppe.
  1749 | D:2      | Found a runed translucent door.
  1750 | D:2      | Noticed Crazy Yiuf
  1774 | D:2      | Killed Crazy Yiuf
  1775 | D:2      | Reached XP level 4. HP: 26/44 MP: 1/4
  1963 | D:3      | Found a faded altar of an unknown god.
  2246 | D:3      | Reached ** piety under Lugonu
  2511 | D:3      | Reached skill level 5 in Unarmed Combat
  2855 | D:4      | Reached XP level 5. HP: 50/50 MP: 5/5
  3467 | D:5      | Entered Level 5 of the Dungeon
  3484 | D:5      | Found a sand-covered staircase.
  3499 | D:5      | Reached skill level 6 in Unarmed Combat
  3504 | D:5      | Found a transporter.
  3507 | D:5      | Noticed anet's ghost (weakling GnDe)
  3532 | D:5      | Reached skill level 1 in Slings
  3532 | D:5      | Reached XP level 6. HP: 56/59 MP: 4/6
  3562 | Ossuary  | Entered an ossuary
  3681 | Ossuary  | Reached *** piety under Lugonu
  3714 | Ossuary  | Reached skill level 7 in Unarmed Combat
  3714 | Ossuary  | Reached XP level 7. HP: 66/66 MP: 5/7
  3939 | Ossuary  | Reached skill level 8 in Unarmed Combat
  4018 | D:5      | Found a transporter.
  4082 | D:5      | Reached **** piety under Lugonu
  4341 | D:5      | Reached XP level 8. HP: 63/74 MP: 5/8
  4384 | D:5      | Reached skill level 9 in Unarmed Combat
  4660 | D:5      | Reached skill level 10 in Unarmed Combat
  5215 | D:5      | Killed anet's ghost
  5307 | D:6      | Noticed a gargoyle
  5313 | D:6      | Killed a gargoyle
  5314 | D:6      | Reached skill level 11 in Unarmed Combat
  5356 | D:6      | Reached XP level 9. HP: 80/80 MP: 9/9
  5365 | D:6      | Reached ***** piety under Lugonu
  5462 | D:6      | Found a basalt altar of Yredelemnul.
  5742 | D:6      | Found a staircase to the Ecumenical Temple.
  6219 | D:7      | Reached skill level 3 in Dodging
  6466 | D:7      | Found Ivo Weah's Assorted Antiques.
  6592 | D:7      | Reached skill level 12 in Unarmed Combat
  6770 | D:7      | Reached skill level 3 in Slings
  7351 | D:8      | Identified the +8 long sword of Sokua {holy, *Corrode rN+++
                  | Will+ Int+3}
  7694 | D:8      | Reached XP level 10. HP: 72/88 MP: 7/10
  8147 | D:8      | Noticed a cyan ugly thing
  8153 | D:8      | Killed a cyan ugly thing
  8154 | D:8      | Reached skill level 13 in Unarmed Combat
  8589 | D:9      | Found a staircase to the Lair.
  8828 | D:10     | Entered Level 10 of the Dungeon
  8904 | D:10     | Noticed Harold
  8913 | D:10     | Killed Harold
  8914 | D:10     | Reached skill level 14 in Unarmed Combat
  9217 | D:10     | Reached skill level 1 in Throwing
  9360 | D:10     | Noticed a boulder beetle
  9368 | D:10     | Killed a boulder beetle
  9468 | D:10     | Reached XP level 11. HP: 84/94 MP: 9/11
  9500 | D:10     | Found a staircase to the Orcish Mines.
  9587 | D:10     | Noticed a two-headed ogre
  9594 | D:10     | Killed a two-headed ogre
  9595 | D:10     | Reached skill level 3 in Armour
  9684 | D:10     | Reached skill level 1 in Shields
  9803 | D:10     | Noticed a storm dragon
  9804 | D:10     | Noticed a centaur warrior
  9806 | D:10     | Paralysed by a hornet for 2 turns
  9810 | D:10     | Noticed an emperor scorpion
  9810 | D:10     | a storm dragon changed into an emperor scorpion
  9811 | D:10     | Noticed a dire elephant
  9811 | D:10     | an emperor scorpion changed into a dire elephant
  9811 | D:10     | Noticed a centaur warrior
  9812 | D:10     | Noticed a fire giant
  9812 | D:10     | a dire elephant changed into a fire giant
  9822 | D:10     | Noticed an eleionoma
  9822 | D:10     | a fire giant changed into an eleionoma
  9824 | D:10     | Killed an eleionoma
  9824 | D:10     | Noticed a centaur warrior
  9829 | D:10     | Killed a centaur warrior
  9830 | D:10     | Reached skill level 15 in Unarmed Combat
  9830 | D:10     | Noticed a deep troll earth mage
  9834 | D:10     | Killed a centaur warrior
  9837 | D:10     | Killed a deep troll earth mage
  9860 | D:10     | Killed a centaur warrior
  9885 | D:10     | Reached skill level 16 in Unarmed Combat
 10019 | D:10     | Noticed a two-headed ogre
 10027 | D:10     | Killed a two-headed ogre
 10028 | D:10     | Reached skill level 3 in Shields
 10028 | D:10     | Reached XP level 12. HP: 104/104 MP: 12/12
 10755 | D:2      | Bought an amulet of reflection for 360 gold pieces
 10957 | D:7      | Bought a scroll of enchant armour for 225 gold pieces
 10957 | D:7      | Bought a scroll labelled QAEPUO VIDOLAR for 30 gold pieces
 10957 | D:7      | Bought a curved ivory wand for 120 gold pieces
 10957 | D:7      | Bought a scroll labelled NUT NEGOUKH for 30 gold pieces
 10957 | D:7      | Bought a coppery potion for 27 gold pieces
 10958 | D:7      | Upgraded the game from 0.27-a0-1548-gf8a67e7463 to
                  | 0.27-a0-1559-g299f9947c5
 11213 | D:11     | Found a stormy altar of Qazlal.
 11381 | D:11     | Noticed a two-headed ogre
 11389 | D:11     | Noticed Fannar
 11529 | D:11     | Noticed Urug
 11544 | D:11     | Killed Urug
 11658 | D:11     | Killed a two-headed ogre
 11762 | D:11     | Killed Fannar
 12055 | D:12     | Noticed a seven-headed hydra
 12130 | D:12     | Noticed a boulder beetle
 12141 | D:12     | Killed a boulder beetle
 12142 | D:12     | Reached skill level 17 in Unarmed Combat
 12157 | D:12     | Banished a seven-headed hydra
 12165 | D:12     | Noticed a two-headed ogre
 12198 | D:12     | Killed a two-headed ogre
 12541 | D:12     | Reached ****** piety under Lugonu
 12604 | D:12     | Found Tisiq's Magic Scroll Shop.
 12608 | D:12     | Noticed Kirke
 12752 | D:12     | Noticed Sonja
 12792 | D:12     | Killed Sonja
 12973 | D:12     | Noticed a centaur warrior
 12977 | D:12     | Killed a centaur warrior
 12978 | D:12     | Reached XP level 13. HP: 102/110 MP: 13/13
 13147 | D:12     | Bought a scroll of identify for 34 gold pieces
 13147 | D:12     | Bought a scroll of identify for 34 gold pieces
 13147 | D:12     | Bought a scroll of immolation for 59 gold pieces
 13147 | D:12     | Bought a scroll of identify for 34 gold pieces
 13339 | Lair:1   | Entered Level 1 of the Lair of Beasts
 13371 | Lair:1   | Reached skill level 18 in Unarmed Combat
 13579 | Lair:1   | Reached skill level 6 in Shields
 14318 | Lair:2   | Found a staircase to the Snake Pit.
 14415 | Lair:2   | Found a staircase to the Shoals.
 15577 | D:12     | Reached skill level 9 in Shields
 15660 | D:13     | Reached skill level 3 in Invocations
 15685 | D:13     | Found a flagged portal.
 15753 | Bailey   | Entered a bailey
 16263 | D:13     | Gained mutation: You are agile. (Dex +2) [potion of
                  | mutation]
 16263 | D:13     | Gained mutation: You are frail. (-10% HP) [potion of
                  | mutation]
 16263 | D:13     | Gained mutation: Your spells are a little easier to cast,
                  | but a little less powerful. [potion of mutation]
 16263 | D:13     | Gained mutation: Your mind is acute. (Int +2) [potion of
                  | mutation]
 16433 | D:13     | Reached XP level 14. HP: 76/106 MP: 16/16
 16488 | D:13     | Reached skill level 3 in Fighting
 17163 | D:14     | Found a gate to the Vaults.
 17265 | D:14     | Noticed a shadow dragon
 17279 | D:14     | Killed a shadow dragon
 17280 | D:14     | Reached skill level 6 in Slings
 17424 | D:14     | Found Othrabae's Armour Boutique.
 17433 | D:14     | Upgraded the game from 0.27-a0-1559-g299f9947c5 to
                  | 0.27-a0-1572-gacd6f1ce93
 17658 | D:14     | Reached skill level 6 in Invocations
 19330 | Lair:4   | Identified the ring "Isalayt" {*Slow rPois rCorr Str+5
                  | Dex+2}
 20612 | Lair:5   | Reached skill level 9 in Invocations
 21606 | Lair:6   | Entered Level 6 of the Lair of Beasts
 22019 | Lair:5   | Reached XP level 15. HP: 91/114 MP: 21/21
 23594 | Lair:6   | Found a staircase to the Slime Pits.
 24027 | Lair:6   | Found a runed translucent door.
 24401 | Lair:6   | Reached skill level 9 in Slings
 24885 | Orc:1    | Entered Level 1 of the Orcish Mines
 25052 | Orc:1    | Noticed Erica
 25078 | Orc:1    | Killed Erica
 25286 | Orc:1    | Found Pavis's Antique Armour Boutique.
 25295 | Orc:1    | Bought a creamy pearl robe for 176 gold pieces
 25295 | Orc:1    | Identified the +1 robe of Damp Happiness {Harm rElec Will+}
                  | (You bought it in a shop on level 1 of the Orcish Mines)
 25453 | Orc:1    | Found a transporter.
 25479 | Orc:1    | Found a transporter.
 25589 | Orc:2    | Entered Level 2 of the Orcish Mines
 25951 | Orc:2    | Found Hobrier's Book Boutique.
 26399 | Orc:2    | Found Zoyfow's Antique Armour Shop.
 26399 | Orc:2    | Found Kiylydov's Assorted Antiques.
 26402 | Orc:2    | Found Siwk's Magic Scroll Emporium.
 26402 | Orc:2    | Found Eqekkiut's Book Shop.
 26445 | Orc:2    | Noticed an orc warlord
 26480 | Orc:2    | Killed an orc warlord
 26647 | Orc:2    | Found a staircase to the Elven Halls.
 26916 | Orc:2    | Noticed Saint Roka
 27107 | Orc:2    | Killed Saint Roka
 27478 | Orc:2    | Bought a scroll of enchant weapon for 75 gold pieces
 27478 | Orc:2    | Bought a scroll of enchant armour for 75 gold pieces
 27659 | Snake:1  | Entered Level 1 of the Snake Pit
 28131 | Snake:1  | Reached XP level 16. HP: 99/121 MP: 22/22
 29149 | Snake:1  | Reached skill level 6 in Fighting
 29208 | Snake:1  | Corrupted Snake:1
 29208 | Snake:1  | Noticed a tentacled starspawn
 29209 | Snake:1  | Noticed a Hell Sentinel
 29214 | Snake:1  | Noticed a tentacled starspawn
 29219 | Snake:1  | Noticed a tentacled starspawn
 29234 | Snake:1  | Noticed a tentacled starspawn
 29797 | Lair:3   | Identified the +6 trident "Geudimis" {venom, rF+ Str+4
                  | Dex+4}
 30208 | Snake:1  | Upgraded the game from 0.27-a0-1572-gacd6f1ce93 to
                  | 0.28-a0-239-g68911e0c57
 30208 | Snake:1  | 30208 ||| Entered P.
 30274 | Snake:1  | 30274 ||| REMOVING scarf of harm.
 30279 | Snake:1  | 30279 ||| DROPPING scarf of harm.
 30280 | Snake:1  | 30280 ||| REMOVING +0 hat.
 30285 | Snake:1  | 30285 ||| DROPPING +0 hat.
 30286 | Snake:1  | 30286 ||| DROPPING ring of willpower.
 30287 | Snake:1  | 30287 ||| DROPPING ring of protection from cold.
 30288 | Snake:1  | 30288 ||| DROPPING 4 atropa-tipped darts.
 30289 | Snake:1  | 30289 ||| DROPPING 3 scrolls of fear.
 30290 | Snake:1  | 30290 ||| DROPPING wand of acid (12).
 30291 | Snake:1  | 30291 ||| DROPPING curare-tipped dart.
 30292 | Snake:1  | 30292 ||| DROPPING wand of flame (18).
 30293 | Snake:1  | 30293 ||| DROPPING 604 stones.
 30294 | Snake:1  | 30294 ||| DROPPING 2 scrolls of summoning.
 30295 | Snake:1  | 30295 ||| DROPPING 6 potions of ambrosia.
 30296 | Snake:1  | 30296 ||| DROPPING 67 sling bullets.
 30297 | Snake:1  | 30297 ||| DROPPING 74 poisoned darts.
 30298 | Snake:1  | 30298 ||| DROPPING scroll of magic mapping.
 30299 | Snake:1  | 30299 ||| DROPPING wand of paralysis (5).
 30300 | Snake:1  | 30300 ||| DROPPING 5 potions of magic.
 30301 | Snake:1  | 30301 ||| DROPPING 2 potions of attraction.
 30302 | Snake:1  | 30302 ||| DROPPING wand of iceblast (22).
 30303 | Snake:1  | 30303 ||| DROPPING wand of polymorph (34).
 30304 | Snake:1  | 30304 ||| DROPPING 2 scrolls of fog.
 30305 | Snake:1  | 30305 ||| DROPPING 4 throwing nets.
 30306 | Snake:1  | 30306 ||| DROPPING wand of mindburst (24).
 30307 | Snake:1  | 30307 ||| DROPPING wand of charming (10).
 30308 | Snake:1  | 30308 ||| DROPPING 7 boomerangs of dispersal.
 30309 | Snake:1  | 30309 ||| DROPPING potion of flight.
 30310 | Snake:1  | 30310 ||| DROPPING 3 scrolls of blinking.
 30311 | Snake:1  | 30311 ||| DROPPING 2 scrolls of holy word.
 30312 | Snake:1  | 30312 ||| DROPPING 3 scrolls of silence.
 30313 | Snake:1  | 30313 ||| Stepping randomly (stuck).
 30314 | Snake:1  | 30314 ||| Stepping randomly (stuck).
 30315 | Snake:1  | 30315 ||| Stepping randomly (stuck).
 30316 | Snake:1  | 30316 ||| Stepping randomly (stuck).
 30317 | Snake:1  | 30317 ||| Stepping randomly (stuck).
 30318 | Snake:1  | 30318 ||| Stepping randomly (stuck).
 30319 | Snake:1  | 30319 ||| Stepping randomly (stuck).
 30320 | Snake:1  | 30320 ||| Stepping randomly (stuck).
 30321 | Snake:1  | 30321 ||| Stepping randomly (stuck).
 30322 | Snake:1  | 30322 ||| Stepping randomly (stuck).
 30323 | Snake:1  | 30323 ||| Stepping randomly (stuck).
 30324 | Snake:1  | 30324 ||| Stepping randomly (stuck).
 30325 | Snake:1  | 30325 ||| Stepping randomly (stuck).
 30326 | Snake:1  | 30326 ||| Stepping randomly (stuck).
 30327 | Snake:1  | 30327 ||| Stepping randomly (stuck).
 30328 | Snake:1  | 30328 ||| Stepping randomly (stuck).
 30329 | Snake:1  | 30329 ||| Stepping randomly (stuck).
 30330 | Snake:1  | 30330 ||| Stepping randomly (stuck).
 30331 | Snake:1  | 30331 ||| Stepping randomly (stuck).
 30332 | Snake:1  | 30332 ||| Stepping randomly (stuck).
 30333 | Snake:1  | 30333 ||| Stepping randomly (stuck).
 30334 | Snake:1  | 30334 ||| Stepping randomly (stuck).
 30335 | Snake:1  | 30335 ||| Stepping randomly (stuck).
 30336 | Snake:1  | 30336 ||| Stepping randomly (stuck).
 30337 | Snake:1  | 30337 ||| Stepping randomly (stuck).
 30338 | Snake:1  | 30338 ||| Stepping randomly (stuck).
 30339 | Snake:1  | 30339 ||| Stepping randomly (stuck).
 30340 | Snake:1  | 30340 ||| Stepping randomly (stuck).
 30341 | Snake:1  | 30341 ||| Stepping randomly (stuck).
 30342 | Snake:1  | 30342 ||| Stepping randomly (stuck).
 30343 | Snake:1  | 30343 ||| Stepping randomly (stuck).
 30344 | Snake:1  | 30344 ||| Stepping randomly (stuck).
 30345 | Snake:1  | 30345 ||| Stepping randomly (stuck).
 30346 | Snake:1  | 30346 ||| Stepping randomly (stuck).
 30347 | Snake:1  | 30347 ||| Stepping randomly (stuck).
 30348 | Snake:1  | 30348 ||| Stepping randomly (stuck).
 30349 | Snake:1  | 30349 ||| Stepping randomly (stuck).
 30350 | Snake:1  | 30350 ||| Stepping randomly (stuck).
 30351 | Snake:1  | 30351 ||| Stepping randomly (stuck).
 30352 | Snake:1  | 30352 ||| Stepping randomly (stuck).
 30353 | Snake:1  | 30353 ||| Stepping randomly (stuck).
 30354 | Snake:1  | 30354 ||| Stepping randomly (stuck).
 30355 | Snake:1  | 30355 ||| Stepping randomly (stuck).
 30356 | Snake:1  | 30356 ||| Stepping randomly (stuck).
 30357 | Snake:1  | 30357 ||| Stepping randomly (stuck).
 30358 | Snake:1  | 30358 ||| Stepping randomly (stuck).
 30359 | Snake:1  | 30359 ||| Stepping randomly (stuck).
 30360 | Snake:1  | 30360 ||| Stepping randomly (stuck).
 30361 | Snake:1  | 30361 ||| Stepping randomly (stuck).
 30362 | Snake:1  | 30362 ||| Stepping randomly (stuck).
 30363 | Snake:1  | 30363 ||| Stepping randomly (stuck).
 30364 | Snake:1  | 30364 ||| Stepping randomly (stuck).
 30365 | Snake:1  | 30365 ||| Stepping randomly (stuck).
 30366 | Snake:1  | 30366 ||| Stepping randomly (stuck).
 30367 | Snake:1  | 30367 ||| Stepping randomly (stuck).
 30368 | Snake:1  | 30368 ||| Stepping randomly (stuck).
 30369 | Snake:1  | 30369 ||| Stepping randomly (stuck).
 30370 | Snake:1  | 30370 ||| Stepping randomly (stuck).
 30371 | Snake:1  | 30371 ||| Stepping randomly (stuck).
 30372 | Snake:1  | 30372 ||| Stepping randomly (stuck).
 30373 | Snake:1  | 30373 ||| Stepping randomly (stuck).
 30374 | Snake:1  | 30374 ||| Stepping randomly (stuck).
 30375 | Snake:1  | 30375 ||| Stepping randomly (stuck).
 30376 | Snake:1  | 30376 ||| Stepping randomly (stuck).
 30377 | Snake:1  | 30377 ||| Stepping randomly (stuck).
 30378 | Snake:1  | 30378 ||| Stepping randomly (stuck).
 30379 | Snake:1  | 30379 ||| Stepping randomly (stuck).
 30380 | Snake:1  | 30380 ||| Stepping randomly (stuck).
 30381 | Snake:1  | 30381 ||| Stepping randomly (stuck).
 30382 | Snake:1  | 30382 ||| Stepping randomly (stuck).
 30383 | Snake:1  | 30383 ||| Stepping randomly (stuck).
 30384 | Snake:1  | 30384 ||| Stepping randomly (stuck).
 30385 | Snake:1  | 30385 ||| Stepping randomly (stuck).
 30386 | Snake:1  | 30386 ||| Stepping randomly (stuck).
 30387 | Snake:1  | 30387 ||| Stepping randomly (stuck).
 30388 | Snake:1  | 30388 ||| Stepping randomly (stuck).
 30389 | Snake:1  | 30389 ||| Stepping randomly (stuck).
 30390 | Snake:1  | 30390 ||| Stepping randomly (stuck).
 30391 | Snake:1  | 30391 ||| Stepping randomly (stuck).
 30392 | Snake:1  | 30392 ||| Stepping randomly (stuck).
 30393 | Snake:1  | 30393 ||| Stepping randomly (stuck).
 30394 | Snake:1  | 30394 ||| Stepping randomly (stuck).
 30395 | Snake:1  | 30395 ||| Stepping randomly (stuck).
 30396 | Snake:1  | 30396 ||| Stepping randomly (stuck).
 30397 | Snake:1  | 30397 ||| Stepping randomly (stuck).
 30398 | Snake:1  | 30398 ||| Stepping randomly (stuck).
 30399 | Snake:1  | 30399 ||| Stepping randomly (stuck).
 30400 | Snake:1  | 30400 ||| Stepping randomly (stuck).
 30401 | Snake:1  | 30401 ||| Stepping randomly (stuck).
 30402 | Snake:1  | 30402 ||| Stepping randomly (stuck).
 30403 | Snake:1  | 30403 ||| Stepping randomly (stuck).
 30404 | Snake:1  | 30404 ||| Stepping randomly (stuck).
 30405 | Snake:1  | 30405 ||| Stepping randomly (stuck).
 30406 | Snake:1  | Quit the game

Levels and vault maps discovered:
D:1:      minmay_arrival_diagonal_passages, layout_loops_cross
D:2:      layout_loops_corners, serial_shops, nicolae_shop_behind_doors,
          uniq_crazy_yiuf_cottage
D:3:      layout_basic, shapermc_ecumenical_altar_mp_ritualfount,
          kennysheep_generic_room_16
D:4:      layout_loops_ring
D:5:      minmay_goblin_kobold_castle, layout_rooms, gammafunk_ghost_mausoleum,
          enter_ossuary_1
D:6:      layout_basic, pf_just_have_faith, minmay_temple_entry_ruins
D:7:      minmay_skewed_foursquare, layout_loops_ring, serial_shops, shop,
          minmay_misc_feat_encased, minmay_door_square
D:8:      layout_basic, chequers_mini_garden
D:9:      layout_basic, grunt_lair_entry_orc_guard_hut, uniq_erolcha
D:10:     nzn_winding_woodlands_medium [nzn_winding_woodlands_5x5_checkerboard,
          nzn_winding_woodlands_5x15_twine, nzn_winding_woodlands_5x5_three,
          nzn_winding_woodlands_5x5_closed_star,
          nzn_winding_woodlands_center_pierced_h,
          nzn_winding_woodlands_5x5_perimeter, nzn_winding_woodlands_5x5_cross,
          nzn_winding_woodlands_5x15_lazy_stream,
          nzn_winding_woodlands_5x5_open_star], layout_grid_maze, david_orc_3,
          uniq_harold
D:11:     layout_basic, serial_bayou_pond_a, nicolae_qazlal_scattered_showers,
          uniq_fannar, uniq_urug
D:12:     layout_basic, serial_shops, shop, minmay_between, uniq_kirke,
          uniq_sonja
D:13:     layout_basic, enter_bailey_5, minmay_misc_feat_diagonals, minivault_22
D:14:     minmay_chopped_fan, layout_basic, david_vaults_4, serial_shops,
          nicolae_shop_crystal, nemelex_lonely_heart_becter
Lair:1:   layout_chaotic_city, guppyfry_lair_drakes
Lair:2:   layout_long_grid, minmay_shoals_entry_centaurs,
          minmay_snake_entry_guardpost_small, st_stairs_10
Lair:3:   layout_hall_layers, serial_rivers, chequers_serial_rivers_small_b,
          chequers_serial_rivers_micro_c, chequers_serial_rivers_room_a,
          chequers_serial_rivers_micro_d, chequers_serial_rivers_micro_b,
          chequers_serial_rivers_room_a
Lair:4:   layout_long_grid
Lair:5:   layout_loops_ring, minivault_11, grunt_forest_large_clearings
Lair:6:   wormcave, layout_gridlike, guppyfry_lair_end_dragon,
          minmay_slime_entry_oklob_open
Snake:1:  layout_basic, nicolae_snake_squiggles, nicolae_snake_scaly_snakehead
Snake:2:  layout_grid_maze, serial_bayou_ford_a, grunt_ministairs_13,
          uniq_aizul, uniq_vashnia
Orc:1:    gammafunk_beogh_shrine, layout_diamond_mine, serial_shops,
          nicolae_shop_crystal, uniq_erica
Orc:2:    grunt_orc_tribal_feast, layout_diamond_mine, serial_shops, shop,
          nicolae_orc_rockfall, uniq_saint_roka

Skill      XL: |  1  2  3  4  5  6  7  8  9 10 11 12 13 14 15 16 |
---------------+-------------------------------------------------+-----
Unarmed Combat | 3 4 5 6 7 8 11 12 14 16 17 18 | 18.0
Slings         | 1 2 4 5 6 10 11 | 11.0
Dodging        | 2 3 |  3.0
Throwing       | 2 |  2.8
Armour         | 2 3 4 |  4.3
Shields        | 3 5 9 |  9.0
Invocations    | 2 5 10 | 10.0
Fighting       | 3 6 |  6.9

Action                   |  1- 3 |  4- 6 |  7- 9 | 10-12 | 13-15 | 16-18 || total
-------------------------+-------+-------+-------+-------+-------+-------++-------
Melee: Unarmed           |   117 |   120 |   262 |   428 |  1003 |   137 ||  2067
       Punch             |       |     3 |     7 |     1 |       |       ||    11
 Fire: Hunting sling     |     3 |    53 |   142 |   131 |   619 |   139 ||  1087
Throw: Dart              |     4 |     4 |     3 |    13 |    42 |       ||    66
       Boomerang         |     2 |     9 |    10 |     4 |     8 |       ||    33
       Stone             |       |     1 |       |       |       |       ||     1
       Javelin           |       |       |       |     2 |    10 |       ||    12
       Large rock        |       |       |       |       |     3 |       ||     3
Invok: Depart the Abyss  |     1 |       |       |       |       |       ||     1
       Bend Space        |       |       |     1 |     1 |     2 |     6 ||    10
       Banish            |       |       |       |     1 |    14 |     5 ||    20
       Corrupt           |       |       |       |       |       |     1 ||     1
Evoke: Wand              |       |       |       |     6 |    13 |     1 ||    20
       Piece from Xom's  |       |       |       |     1 |     5 |     2 ||     8
       Phantom mirror    |       |       |       |       |     2 |       ||     2
       Lightning rod     |       |       |       |       |     8 |     2 ||    10
       Condenser vane    |       |       |       |       |     1 |     1 ||     2
  Use: Scroll            |       |     7 |     6 |     8 |    19 |     2 ||    42
       Potion            |       |       |     1 |     4 |     7 |     2 ||    14
 Stab: Sleeping          |       |       |     1 |       |       |       ||     1
Armor: Robe              |    28 |    23 |    58 |     6 |       |       ||   115
       Acid dragon scale |       |       |       |   114 |   130 |       ||   244
       Skin              |       |       |       |    45 |     9 |    11 ||    65
       Gold dragon scale |       |       |       |       |    29 |    29 ||    58
Dodge: Dodged            |    33 |    54 |   192 |   158 |   156 |     7 ||   600
Block: Kite shield       |       |       |       |    74 |       |       ||    74
       Tower shield      |       |       |       |   260 |  1053 |   252 ||  1565
       Reflection        |       |       |       |    14 |    59 |    29 ||   102
       Other             |       |       |       |     4 |       |       ||     4

Table legend:
 A = Non-vault XP
 B = Vault XP
 C = Vault XP percentage of total XP
 D = Non-vault monster count
 E = Vault monster count
 F = Vault count percentage of total count
                 A         B        C        D         E       F
            +---------+---------+-------+---------+---------+-------
      Total |  109481 |   72309 |  39.8 |     482 |     322 |  40.0
            +---------+---------+-------+---------+---------+-------
        D:1 |      44 |       0 |   0.0 |      26 |       0 |   0.0
        D:2 |      47 |      40 |  46.0 |      14 |       1 |   6.7
        D:3 |      57 |       4 |   6.6 |      10 |       2 |  16.7
        D:4 |      77 |       0 |   0.0 |      13 |       0 |   0.0
        D:5 |     885 |     752 |  45.9 |      18 |      53 |  74.6
        D:6 |     673 |       0 |   0.0 |      10 |       0 |   0.0
        D:7 |    1393 |     314 |  18.4 |      24 |       4 |  14.3
        D:8 |    2187 |       0 |   0.0 |      16 |       0 |   0.0
        D:9 |     620 |     644 |  50.9 |      10 |       6 |  37.5
       D:10 |    5579 |   11342 |  67.0 |      24 |      31 |  56.4
       D:11 |    1470 |    2023 |  57.9 |       4 |       3 |  42.9
       D:12 |    9261 |    2130 |  18.7 |      28 |       6 |  17.6
       D:13 |    7166 |       7 |   0.1 |      17 |       4 |  19.0
       D:14 |    4224 |    7751 |  64.7 |      11 |      12 |  52.2
     Lair:1 |    8845 |     536 |   5.7 |      41 |       2 |   4.7
     Lair:2 |   15433 |    1407 |   8.4 |      34 |       8 |  19.0
     Lair:3 |    3648 |     110 |   2.9 |      12 |       1 |   7.7
     Lair:4 |    3827 |       0 |   0.0 |      19 |       0 |   0.0
     Lair:5 |   12573 |    3704 |  22.8 |      48 |      31 |  39.2
     Lair:6 |    6834 |   14494 |  68.0 |      19 |      41 |  68.3
    Snake:1 |   19130 |    9941 |  34.2 |      40 |      20 |  33.3
      Orc:1 |     905 |    2685 |  74.8 |      18 |       8 |  30.8
      Orc:2 |    4603 |   12173 |  72.6 |      26 |      32 |  55.2
    Ossuary |       0 |     429 | 100.0 |       0 |      39 | 100.0
     Bailey |       0 |    1823 | 100.0 |       0 |      18 | 100.0
            +---------+---------+-------+---------+---------+-------
